 Dungeon Crawl Stone Soup version 0.31-a0-542-gdc2a67831c (webtiles) character file.

Game seed: 17402990750344341332

145 Arcadio the Shooter (level 5, -7/42 HPs)
             Began as a Formicid Hunter on Aug 14, 2023.
             Mangled by a wyvern (10 damage)
             ... on level 5 of the Dungeon.
             The game lasted 00:17:38 (3183 turns).

Arcadio the Shooter (Formicid Hunter)               Turns: 3183, Time: 00:17:38

Health: -7/42      AC:  5    Str: 15    XL:     5   Next: 53%
Magic:  5/5        EV: 11    Int:  9    God:
Gold:   111        SH:  0    Dex: 19    Spells: 4/4 levels left

rFire   . . .        b - +0 morningstar
rCold   . . .        (no shield)
rNeg    . . .        l - +0 ring mail
rPois   +            (helmet unavailable)
rElec   .            (no cloak)
rCorr   .            (no gloves)
SInv    +            (no boots)
Will    .....        (no amulet)
Stlth   +            d - ring of poison resistance
HPRegen 0.27/turn    (no ring)
MPRegen 0.09/turn

%: no passive effects
@: no status effects
A: permanent stasis, dig shafts and tunnels, antennae 3, four strong arms
a: Dig, Shaft Self


You were on level 5 of the Dungeon.
You visited 1 branch of the dungeon, and saw 8 of its levels.

You collected 111 gold pieces.

Inventory:

Hand Weapons
 a - a +0 shortbow
 b - a +0 morningstar (weapon)
 i - a +0 dagger
 q - a +0 flail
 u - a +2 antimagic great mace
Armour
 c - a +0 leather armour
 l - a +0 ring mail (worn)
 v - a +0 plate armour
Jewellery
 d - a ring of poison resistance (left hand)
 y - an amulet of faith
Talismans
 e - a maw talisman
Wands
 t - a wand of iceblast (8)
Scrolls
 f - 2 scrolls of fog {unknown}
 m - 2 scrolls of teleportation {unknown}
 o - a scroll of noise {unknown}
 p - a scroll of summoning {unknown}
 r - a scroll of identify
 s - a scroll of blinking {unknown}
 w - a scroll of immolation {unknown}
Potions
 g - 3 potions of curing
 h - a potion of mutation
 j - a potion of cancellation
 k - a potion of attraction
 n - a potion of heal wounds {unknown}
 x - a potion of haste {unknown}


   Skills:
 + Level 3.8 Fighting
 + Level 4.9 Ranged Weapons
 + Level 2.7 Armour
 - Level 1.7 Dodging
 - Level 1.2 Stealth


You had 4 spell levels left.
You didn't know any spells.
Your spell library contained the following spells:

 Spells                   Type           Power      Damage    Failure   Level
 Sting                    Tmut/Pois      0%         1d3       61%         1
 Ensorcelled Hibernation  Hex/Ice        0%         N/A       75%         2
 Passwall                 Tmut/Erth      0%         N/A       75%         2
 Poisonous Vapours        Pois/Air       0%         N/A       75%         2
 Olgreb's Toxic Radiance  Pois           0%         N/A       100%        4
 Swiftness                Air            Unusable   N/A       N/A         3

Dungeon Overview and Level Annotations

Branches:
Dungeon (8/15) Zot: 26510
 Temple: D:4-7         Lair: D:8-11

Altars:
Gozag
Kikubaaqudgha
Okawaru
Ru

Annotations:
D:3 Ijyb


Innate Abilities, Weirdness & Mutations

You cannot be hasted, slowed, berserked, paralysed or teleported.
You can dig through walls and to a lower floor.
You have a pair of large antennae on your head. (SInv)
Your four strong arms can wield two-handed weapons with a shield.


Message History

b - a +0 morningstar (weapon)
You barely miss the iguana. Your punch misses the iguana.
The iguana is heavily wounded.
The iguana bites you. The iguana bites you!
You thump the iguana!
You kill the iguana!
You see here an iguana corpse.
a - a +0 shortbow (weapon)
You start resting.
HP restored.
A wyvern comes into view.
The wyvern hisses angrily.
b - a +0 morningstar (weapon)
The wyvern bites you! The wyvern bites you.
You hit the wyvern but do no damage.
The wyvern bites you but does no damage.
The wyvern barely misses you.
You hit the wyvern.
The wyvern is lightly wounded.
The wyvern closely misses you. x2
You barely miss the wyvern.
The wyvern is lightly wounded.
The wyvern barely misses you. The wyvern bites you!
* * * LOW HITPOINT WARNING * * *
Okay, then.
Okay, then.
You feel better. The wyvern misses you.
The wyvern hisses menacingly.
The wyvern bites you!
* * * LOW HITPOINT WARNING * * *
Okay, then.
Okay, then.
Okay, then.
Okay, then.
Okay, then.
Okay, then.
The wyvern barely misses you.
You begin to dig a shaft.
You continue digging a shaft.
The wyvern bites you!
You die...

#...# #...#
#...## #.... .
######...#####.#
.#........<.....#
...........=.....
#.......@l......
#####...#####..
#.........
#...######
#...######.#
#..†.........
.###
#......~~....
....
#.#..~~~~~... ..#
#....~≈~~~~PP


You could see a wyvern.

Vanquished Creatures
  2 iguanas
  3 adders
  A white imp (D:8)
  7 orcs
  5 ball pythons
  2 bat skeletons (D:7)
  A bat zombie (D:7)
  8 endoplasms
  A giant cockroach (D:2)
  A hobgoblin (D:1)
  A jackal (D:2)
  4 bats
  2 frilled lizards
  7 goblins
  4 kobolds
  2 rats
51 creatures vanquished.

Notes
Turn   | Place    | Note
-------+----------+-------------------------------------------
     0 | D:1      | Arcadio the Formicid Hunter began the quest for the Orb.
     0 | D:1      | Reached XP level 1. HP: 16/16 MP: 1/1
    94 | D:1      | Reached XP level 2. HP: 20/23 MP: 2/2
   153 | D:1      | Reached skill level 1 in Armour
   368 | D:1      | Found a faded altar of an unknown god.
   511 | D:1      | Reached XP level 3. HP: 25/28 MP: 3/3
  1548 | D:3      | Reached XP level 4. HP: 35/35 MP: 4/4
  1554 | D:3      | Found an iron altar of Okawaru.
  1715 | D:3      | Found a sacrificial altar of Ru.
  1729 | D:3      | Noticed Ijyb
  1755 | D:3      | You fall into a shaft and drop 1 floor!
  1966 | D:4      | Noticed a scorpion
  1970 | D:4      | You fall into a shaft and drop 1 floor!
  1970 | D:5      | Entered Level 5 of the Dungeon
  2051 | D:5      | You fall into a shaft and drop 2 floors!
  2282 | D:7      | Noticed a wight
  2282 | D:7      | Noticed a wight
  2377 | D:7      | Noticed an ogre
  2377 | D:7      | Noticed an orc warrior
  2378 | D:7      | Noticed a moth of wrath
  2379 | D:7      | Noticed an ogre
  2380 | D:7      | Noticed an orc warrior
  2426 | D:7      | Found an ancient bone altar of Kikubaaqudgha.
  2430 | D:7      | You fall into a shaft and drop 1 floor!
  2688 | D:8      | Found an opulent altar of Gozag.
  2710 | D:6      | Noticed a water moccasin
  2728 | D:6      | You fall into a shaft and drop 2 floors!
  2918 | D:6      | Reached XP level 5. HP: 7/42 MP: 5/5
  3174 | D:5      | Noticed a wyvern
  3181 | D:5      | HP: 2/42 [wyvern (11)]
  3183 | D:5      | Mangled by a wyvern

Illustrated notes

Levels and vault maps discovered:
D:1:      minmay_arrival_radiant_lines, layout_basic,
          hellmonk_ecumenical_altar_arch_garden, minmay_cut_off
D:2:      layout_loops_ring, minmay_split_cup_small
D:3:      layout_basic, marbit_many_paths, mainiacjoe_overflow_24_doors,
          mainiacjoe_overflow_alcove_1, nicolae_ashenzari_panopticon,
          minmay_strange_pillars, kennysheep_generic_room_11, uniq_ijyb
D:4:      layout_basic, zin_treasury, mainiacjoe_overflow_alcove_4,
          gammafunk_ghost_split, serial_park_tiny_1, reono_crystal_passage,
          kennysheep_small_square
D:5:      layout_loops_cross, nzn_hepliaklqana_mist_gate,
          pdpol_wu_jian_five_deadly_venoms, guppyfry_early_lair_pool
D:6:      layout_rooms, minmay_temple_entry_drinking_statues,
          grunt_ministairs_13, chequers_serial_rivers_micro_c
D:7:      layout_loops_ring, kennysheep_vampire_church,
          gammafunk_ghost_wrathful_warriors, kennysheep_cross_room,
          minmay_misc_feat_square, minivault_22
D:8:      layout_loops_corners, minitemple, grunt_lair_entry_orc_guard_hut,
          ebering_ghost_inner_flame

Skill      XL: |  1  2  3  4 |
---------------+-------------+-----
Armour         | 1 2 |  2.7
Fighting       | 3 |  3.8
Ranged Weapons | |  4.9
Dodging        | |  1.7
Stealth        | |  1.2

Action                     |  1- 3 |  4- 6 || total
---------------------------+-------+-------++-------
  Melee: Dagger            |    47 |    51 ||    98
         Punch             |     1 |     1 ||     2
         Morningstar       |       |    28 ||    28
   Fire: Shortbow          |    50 |    34 ||    84
Ability: Dig               |     1 |       ||     1
         Shaft Self        |       |     6 ||     6
    Use: Scroll            |     3 |     2 ||     5
         Potion            |       |     1 ||     1
   Stab: Sleeping          |     1 |       ||     1
 Armour: Ring mail         |    19 |    28 ||    47
         Leather armour    |     1 |       ||     1
  Dodge: Dodged            |    47 |    52 ||    99

Table legend: (Time is in decaauts)
 A = Elapsed time spent in this place.
 B = Non-inter-level travel time spent in this place.
 C = Inter-level travel time spent in this place.
 D = Time resting spent in this place.
 E = Time spent auto-exploring this place.
 F = Levels seen in this place.
 G = Mean time per level.
                   A        B        C        D        E       F      G
               +--------+--------+--------+--------+--------+-----+--------+
         Total |   3199 |   3141 |     58 |    708 |   1585 |   8 |  399.9 |
       Dungeon |   3199 |   3141 |     58 |    708 |   1585 |   8 |  399.9 |
               +--------+--------+--------+--------+--------+-----+--------+

Top non-repeatable levels by time:
     D:1: 793 daAuts
     D:2: 746 daAuts
     D:8: 418 daAuts
     D:7: 406 daAuts
     D:5: 346 daAuts
     D:3: 217 daAuts
     D:4: 216 daAuts
     D:6: 53 daAuts
